[Event "Team 45 45 League T50"]
[Site "Internet Chess Club"]
[Date "2011.08.26"]
[Round "3"]
[White "milesotoole"]
[Black "BishopMike"]
[Result "1/2-1/2"]
[WhiteElo "1542"]
[BlackElo "1370"]
[Opening "Sicilian: closed"]
[ECO "B23"]
[Time "22:02:03"]
[TimeControl "2700+45"]

1. e4 c5 2. Nc3 d6 3. f4 Nc6 4. Nf3 g6 5. Bc4 e6 6. O-O a6 7. a4 Bg7 8. d3 Nf6
9. Qe1 Bd7 10. Kh1 O-O 11. f5 exf5 12. Qh4 Nh5 13. Bg5 Bf6 14. exf5 Bxf5 15. Nd5
Bxg5 16. Qxg5 Qxg5 17. Nxg5 h6 18. Nxf7 Kxf7 19. g4 Kg7 20. gxf5 Rxf5 21. Rxf5
gxf5 22. Re1 Ne5 23. Rg1+ Kh7 24. Rf1 Rf8 25. Ne7 f4 26. Bd5 b5 27. axb5 axb5
28. Be4+ Kh8 29. c3 Re8 30. Nd5 c4 31. dxc4 bxc4 32. Kg2 Rg8+ 33. Kh3 Rb8 34.
Rf2 f3 35. Bxf3 Rf8 36. Kg2 Nd3 37. Rf1 Nhf4+ 38. Nxf4 Nxf4+ 39. Kf2 Nd3+ 40.
Ke3 Nxb2 41. Kd4 Rf4+ 42. Kd5 Na4 43. Kxd6 Nxc3 44. Ke5 Rh4 45. Rf2 Nb5 46. Rb2
Rh3 47. Bd1 Nc7 48. Kf6 Ne8+ 49. Kg6 Rd3 50. Ba4 Rd8 51. Kxh6 {Game drawn by
mutual agreement} 1/2-1/2

[Event "Team 45 45 League T50"]
[Site "Internet Chess Club"]
[Date "2011.08.28"]
[Round "3"]
[White "achessfool"]
[Black "sdcohle"]
[Result "1-0"]
[WhiteElo "1547"]
[BlackElo "1390"]
[Opening "Ruy Lopez: exchange variation, 5.O-O"]
[ECO "C68"]
[Time "21:31:06"]
[TimeControl "2700+45"]

1. e4 e5 2. Nf3 Nc6 3. Bb5 a6 4. Bxc6 dxc6 5. O-O Bd6 6. d4 Bg4 7. dxe5 Bxe5 8.
Qxd8+ Rxd8 9. Nxe5 Be6 10. Nc3 Nf6 11. Bg5 Ke7 12. Nd3 h6 13. e5 hxg5 14. exf6+
gxf6 15. Nc5 Bc8 16. Rfe1+ Kf8 17. Rad1 Rd6 18. N3e4 Rxd1 19. Rxd1 Kg7 20. f3
Re8 21. g4 b6 22. Nd3 Bxg4 23. Nxf6 Kxf6 24. fxg4 a5 25. Re1 Rd8 26. Rf1+ Kg6
27. Ne5+ Kg7 28. Nxc6 Rd6 29. Ne7 Kf8 30. Nf5 Rd7 31. Ne3 Kg7 32. Rf5 f6 33. Nd5
Rf7 34. Kf2 b5 35. Ke3 c6 36. Nc3 Kg6 37. Kd4 Rh7 38. Ne4 Rf7 39. Kc5 Kg7 40.
Kxc6 b4 41. Kb5 Rb7+ 42. Ka4 b3 43. cxb3 Rb4+ 44. Kxa5 Rxe4 45. b4 Re5+ 46. Rxe5
fxe5 47. Kb5 e4 48. Kc4 Kf6 49. Kd4 e3 50. Kxe3 Ke5 51. b5 Kd6 52. Ke4 Kc5 53.
Kf5 Kxb5 54. Kxg5 Kc5 55. h4 Kd6 56. Kf6 Kd7 57. h5 Ke8 58. Kg7 Ke7 59. h6 Ke8
60. h7 Ke7 61. h8=Q Ke6 62. Qh5 Ke7 63. Qf7+ Kd6 64. Kf6 Kc6 65. g5 Kd6 66. g6
Kc6 67. g7 Kd6 68. g8=Q Kc5 69. Qd8 Kc6 70. Qfc7+ Kb5 71. Qdb8+ Ka6 72. Qca7#
{Black checkmated} 1-0

[Event "Team 45 45 League T50"]
[Site "Internet Chess Club"]
[Date "2011.08.28"]
[Round "3"]
[White "fuzzface"]
[Black "Morphys-GGS"]
[Result "0-1"]
[WhiteElo "1354"]
[BlackElo "1467"]
[Opening "Torre attack (Tartakower variation)"]
[ECO "D03"]
[Time "09:00:24"]
[TimeControl "2700+45"]

1. d4 d5 2. Nf3 Nf6 3. Bg5 Nbd7 4. e3 e6 5. Ne5 Be7 6. Bd3 c5 7. c3 c4 8. Bc2
Nxe5 9. dxe5 Nd7 10. Bxe7 Qxe7 11. f4 Qh4+ 12. g3 Qh3 13. Qf3 f6 14. Qf1 Qxf1+
15. Rxf1 fxe5 16. f5 Nf6 17. Ba4+ Ke7 18. fxe6 Bxe6 19. Na3 Bh3 20. Rg1 Ng4 21.
Ke2 Rhf8 22. Rae1 Rf2+ 23. Kd1 Raf8 24. Nc2 Rxh2 25. b3 Nf2+ 26. Kd2 Nd3+ 27.
Re2 Rxe2+ 28. Kd1 Rff2 {White resigns} 0-1

[Event "Team 45 45 League T50"]
[Site "Internet Chess Club"]
[Date "2011.08.27"]
[Round "3"]
[White "TheronUAL"]
[Black "Toalla"]
[Result "1-0"]
[WhiteElo "1610"]
[BlackElo "1263"]
[Opening "Sicilian: Alapin's variation (2.c3)"]
[ECO "B22"]
[Time "12:00:46"]
[TimeControl "2700+45"]

1. e4 c5 2. c3 Nc6 3. d4 cxd4 4. cxd4 d5 5. Nc3 dxe4 6. Bb5 Bd7 7. d5 Nb4 8.
Bxd7+ Qxd7 9. a3 Na6 10. Nxe4 Rd8 11. Nc3 Nf6 12. Nf3 Nxd5 13. O-O Nxc3 14.
Qxd7+ Rxd7 15. bxc3 f6 16. Nd4 e5 17. Re1 Nc5 18. a4 Kf7 19. Nf5 g6 20. Ne3 Be7
21. c4 Nd3 22. Rd1 Rhd8 23. Nd5 Bc5 24. Rxd3 {Black resigns} 1-0

[Event "Team 45 45 League T50"]
[Site "Internet Chess Club"]
[Date "2011.08.27"]
[Round "3"]
[White "KyleMayhugh"]
[Black "OOB1"]
[Result "0-1"]
[WhiteElo "1419"]
[BlackElo "1499"]
[Opening "Sicilian: Taimanov variation"]
[ECO "B45"]
[Time "23:01:43"]
[TimeControl "2700+45"]

1. e4 c5 2. Nf3 Nc6 3. d4 cxd4 4. Nxd4 e6 5. Nc3 Nf6 6. Be3 Bb4 7. Nb5 O-O 8.
Bd3 a6 9. Nd4 Ne5 10. O-O Nxd3 11. cxd3 b5 12. e5 Ne8 13. Ne4 Bb7 14. Qg4 f6 15.
exf6 Nxf6 16. Nxf6+ Rxf6 17. Nxb5 Rg6 18. Qd1 Rxg2+ 19. Kh1 Rg5+ 20. f3 Rxb5 21.
Rg1 Qf6 22. Rg3 Bd6 23. Rh3 Rxb2 24. Bg1 Rb5 25. d4 Rf5 26. Kg2 Rf8 27. Qd3
Bxf3+ 28. Rxf3 Rxf3 29. Qxa6 Rf2+ 30. Bxf2 Qxf2+ 31. Kh3 Qxh2+ 32. Kg4 Rf4+ 33.
Kg5 Qg3+ 34. Kh5 Rh4# {White checkmated} 0-1

[Event "Team 45 45 League T50"]
[Site "Internet Chess Club"]
[Date "2011.08.28"]
[Round "3"]
[White "PaleMetaphor"]
[Black "PANAMA-REY"]
[Result "1-0"]
[WhiteElo "1389"]
[BlackElo "1427"]
[Opening "Vienna: Paulsen-Mieses variation"]
[ECO "C26"]
[Time "16:00:56"]
[TimeControl "2700+45"]

1. e4 e5 2. Nc3 Nf6 3. g3 c6 4. Bg2 Bc5 5. Nge2 O-O 6. O-O d5 7. d3 h6 8. Kh1
Be6 9. f4 exf4 10. Nxf4 Bg4 11. Qe1 Nbd7 12. exd5 cxd5 13. Ncxd5 Re8 14. Qc3
Nxd5 15. Bxd5 Rb8 16. Bxf7+ Kh7 17. Bxe8 Qxe8 18. Re1 Bf3+ 19. Ng2 Qf7 20. d4
Bb6 21. Bf4 Rd8 22. Qxf3 Bxd4 23. Qe4+ Kh8 24. Qxd4 Rf8 25. Bxh6 Nf6 26. Bf4 Ng4
27. Rf1 Kg8 28. Qxa7 g5 29. Be3 Qxf1+ 30. Rxf1 Rxf1+ 31. Bg1 Nf2+ 32. Qxf2 Rxf2
33. Bxf2 {Black resigns} 1-0

[Event "Team 45 45 League T50"]
[Site "Internet Chess Club"]
[Date "2011.08.28"]
[Round "3"]
[White "Sandia"]
[Black "Visin"]
[Result "1/2-1/2"]
[WhiteElo "1350"]
[BlackElo "1390"]
[Opening "Giuoco Piano"]
[ECO "C50"]
[Time "11:00:52"]
[TimeControl "2700+45"]

1. e4 e5 2. Nf3 Nc6 3. Bc4 Bc5 4. O-O Nf6 5. Nc3 d6 6. h3 Na5 7. Be2 Nc6 8. a3
Bd4 9. Nxd4 Nxd4 10. d3 h6 11. Re1 b6 12. Be3 c5 13. Bxd4 cxd4 14. Na2 Bb7 15.
Bf3 O-O 16. Nc1 Re8 17. Ne2 d5 18. Ng3 dxe4 19. Bxe4 Nxe4 20. Nxe4 f5 21. Ng3
Qg5 22. Qh5 Qxh5 23. Nxh5 f4 24. Re2 Re6 25. Nxf4 Ree8 26. Ng6 e4 27. Rae1 Kf7
28. Nf4 g5 29. Nh5 exd3 30. cxd3 Bc6 31. Kf1 Rxe2 32. Rxe2 Rh8 33. Rc2 Rc8 34.
Rd2 Bb5 35. g4 Re8 36. Ng3 Re6 37. Ne2 Rd6 38. f3 Kf6 39. Kf2 Ke5 40. Ng3 Rf6
41. Re2+ Kd5 42. Rd2 Bc6 43. Re2 Bb5 44. Rd2 Bc6 45. Ne4 Rg6 46. Rd1 Rg7 47. Re1
Rf7 48. Kg3 Bb5 49. Rd1 Ke5 50. Kf2 Kd5 51. b3 Bd7 52. Kg3 a5 53. b4 axb4 54.
axb4 Bb5 55. Nf2 Bc6 56. Ne4 Bb5 57. Nf2 Bc6 58. Rc1 Bb7 59. Re1 Bc6 60. Ra1 Ke5
61. Ne4 b5 62. Re1 Kd5 63. Rf1 Ke5 64. Re1 Kd5 65. Nc5 Rf6 {Game drawn by mutual
agreement} 1/2-1/2

[Event "Team 45 45 League T50"]
[Site "Internet Chess Club"]
[Date "2011.08.28"]
[Round "3"]
[White "reverendjim"]
[Black "sockmonkey"]
[Result "0-1"]
[WhiteElo "1355"]
[BlackElo "1251"]
[Opening "Caro-Kann: classical, Spassky variation"]
[ECO "B19"]
[Time "08:30:22"]
[TimeControl "2700+45"]

1. e4 c6 2. d4 d5 3. Nc3 dxe4 4. Nxe4 Bf5 5. Ng3 Bg6 6. h4 h6 7. Nf3 Nd7 8. h5
Bh7 9. Bd3 Bxd3 10. Qxd3 e6 11. Bf4 Qa5+ 12. c3 Ngf6 13. a4 Nd5 14. Bd2 Qc7 15.
O-O O-O-O 16. b4 N5f6 17. a5 Bd6 18. b5 cxb5 19. Qxb5 a6 20. Qb6 {White resigns}
0-1

[Event "Team 45 45 League T50"]
[Site "Internet Chess Club"]
[Date "2011.08.27"]
[Round "3"]
[White "quotha"]
[Black "Portola"]
[Result "0-1"]
[WhiteElo "1689"]
[BlackElo "1741"]
[Opening "French defense"]
[ECO "C00"]
[Time "05:00:24"]
[TimeControl "2700+45"]

1. e4 e6 2. Bc4 d5 3. exd5 exd5 4. Qe2+ Be7 5. Bb3 Nf6 6. Nf3 O-O 7. O-O c6 8.
d4 Qc7 9. Bg5 Bg4 10. Nbd2 Bd6 11. Bxf6 gxf6 12. g3 Nd7 13. Qe3 Rfe8 14. Qh6 Bf8
15. Qh4 Bf5 16. Rac1 b5 17. c4 bxc4 18. Nxc4 Re4 19. Qh5 Bg6 20. Qh3 dxc4 21.
Bxc4 Qd6 22. d5 cxd5 23. Rfd1 Qe6 24. Qxe6 fxe6 25. Bd3 Rb4 26. Bxg6 hxg6 27.
Rc7 Ne5 28. Nd4 Rxd4 {White resigns} 0-1

[Event "Team 45 45 League T50"]
[Site "Internet Chess Club"]
[Date "2011.08.29"]
[Round "3"]
[White "rubo"]
[Black "Kheeljoi"]
[Result "0-1"]
[WhiteElo "1705"]
[BlackElo "1708"]
[Opening "Bird's opening"]
[ECO "A02"]
[Time "22:00:14"]
[TimeControl "2700+45"]

1. f4 Nf6 2. Nf3 g6 3. b3 Bg7 4. Bb2 O-O 5. e3 d5 6. Be2 c5 7. O-O Nc6 8. Ne5
Qc7 9. Na3 a6 10. c4 Rd8 11. cxd5 Nxd5 12. Nac4 Nxe5 13. Nxe5 Nxe3 14. Qc1 Nxf1
15. Kxf1 Be6 16. d4 Rac8 17. Qe3 cxd4 18. Bxd4 Qc2 19. Bd3 Qc7 20. Bb6 Qc3 21.
Rd1 Rd6 22. Rd2 Rxb6 23. Rc2 Qa1+ 24. Ke2 Rxc2+ 25. Bxc2 Rd6 26. Nc4 Bg4+ {White
resigns} 0-1

[Event "Team 45 45 League T50"]
[Site "Internet Chess Club"]
[Date "2011.08.27"]
[Round "3"]
[White "dschesq"]
[Black "g8wrb"]
[Result "1-0"]
[WhiteElo "1596"]
[BlackElo "1383"]
[Opening "English opening"]
[ECO "A05"]
[Time "14:09:54"]
[TimeControl "2700+45"]

1. Nf3 Nf6 2. c4 Nc6 3. d4 d5 4. Nc3 Bf5 5. Bg5 h6 6. Bxf6 exf6 7. cxd5 Nb4 8.
Qa4+ Bd7 9. Qb3 a5 10. a3 a4 11. Qd1 Na6 12. Nxa4 Bd6 13. e4 O-O 14. Nc3 c5 15.
Bd3 cxd4 16. Nxd4 Nc5 17. O-O Nxd3 18. Qxd3 Re8 19. Rfe1 Re5 20. Ndb5 Bxb5 21.
Qxb5 Rh5 22. g3 Qc7 23. Qe2 Re5 24. Nb5 Qe7 25. Nxd6 Qxd6 26. Qc4 Rae8 27. b4 f5
28. f3 fxe4 29. Rxe4 Rxe4 30. fxe4 Qb6+ 31. Qc5 Qg6 32. Re1 Rxe4 33. Qc8+ Kh7
34. Rf1 Qb6+ 35. Kh1 Qg6 36. Qf5 Qxf5 37. Rxf5 Kg6 38. Rf3 Rd4 39. Rc3 Rxd5 40.
Rc7 Rd1+ 41. Kg2 Ra1 42. b5 Rxa3 43. Rxb7 Rb3 44. b6 f5 45. Kf2 Kf6 46. Ke2 g5
47. Kd2 h5 48. Kc2 Rb5 49. Kc3 Ke5 50. Kc4 Rb1 51. Kc5 Rc1+ 52. Kb5 Kd6 53. Rf7
Rb1+ 54. Ka6 Ra1+ 55. Kb7 Ke6 56. Rf8 Ke5 57. Rc8 f4 58. gxf4+ Kxf4 59. Rc4+ Kf3
60. Kc7 g4 61. Rb4 Rc1+ 62. Kd7 Rd1+ 63. Ke7 h4 64. b7 Re1+ 65. Kf7 Kg2 66. Rb2+
Kf3 {Black resigns} 1-0

[Event "Team 45 45 League T50"]
[Site "Internet Chess Club"]
[Date "2011.08.27"]
[Round "3"]
[White "AtomicDog"]
[Black "nanning"]
[Result "0-1"]
[WhiteElo "1442"]
[BlackElo "1490"]
[Opening "Sicilian: Taimanov variation"]
[ECO "B48"]
[Time "09:01:20"]
[TimeControl "2700+45"]

1. e4 c5 2. Nf3 e6 3. d4 cxd4 4. Nxd4 Nc6 5. Nc3 Qc7 6. Be3 Nf6 7. Qd2 a6 8.
O-O-O b5 9. f3 Bb4 10. g4 Ne5 11. Bd3 d5 12. g5 Bxc3 13. Qxc3 Qxc3 14. bxc3
Nxd3+ 15. cxd3 Nh5 16. f4 Bb7 17. Bf2 Rc8 18. Kb2 Nxf4 19. Bg3 Ng6 20. Rhe1 h6
21. exd5 Bxd5 22. Nf5 Kd7 23. Nd6 f5 24. Nf7 Rhf8 25. Ne5+ Nxe5 26. Bxe5 hxg5
27. Bxg7 Rf7 28. Be5 f4 29. Rg1 Rf5 30. Rde1 f3 31. Re3 f2 {White resigns} 0-1

[Event "Team 45 45 League T50"]
[Site "Internet Chess Club"]
[Date "2011.08.28"]
[Round "3"]
[White "Duguesclin"]
[Black "Nakke"]
[Result "0-1"]
[WhiteElo "1702"]
[BlackElo "1777"]
[Opening "Old Indian: Ukrainian variation"]
[ECO "A53"]
[Time "08:16:18"]
[TimeControl "2700+45"]

1. d4 Nf6 2. c4 d6 3. Nc3 e5 4. dxe5 dxe5 5. Qxd8+ Kxd8 6. Nf3 Nfd7 7. e4 f6 8.
Be3 c6 9. a3 a5 10. Rd1 Kc7 11. Be2 Na6 12. O-O Ndc5 13. Nh4 g5 14. Nf5 Nxe4 15.
Nxe4 Bxf5 16. Nxf6 h6 17. g4 Be6 18. Ne4 Be7 19. Bd2 Nc5 20. Nxc5 Bxc5 21. b4
axb4 22. axb4 Bd4 23. Kg2 Ra2 24. Rfe1 Rf8 25. f3 Rfa8 26. Kg3 Rb2 27. Bd3 Raa2
28. Re2 b5 29. cxb5 Bb3 30. Rb1 Rxd2 31. Rxd2 Rxd2 32. Rxb3 Bf2+ 33. Kh3 Bg1 34.
bxc6 Bxh2 35. Rc3 Bf4 36. Rc2 Rxd3 37. Kg2 Rd2+ 38. Rxd2 Bxd2 39. b5 Ba5 40. Kf2
Kb6 41. Ke3 Kxb5 42. Ke4 Bc7 43. Kf5 Kxc6 44. Kg6 Ba5 45. Kxh6 Bd2 46. Kg6 Kd5
47. Kf5 Bf4 {White resigns} 0-1

[Event "Team 45 45 League T50"]
[Site "Internet Chess Club"]
[Date "2011.08.30"]
[Round "3"]
[White "gandre"]
[Black "aphort0212"]
[Result "0-1"]
[WhiteElo "1672"]
[BlackElo "1642"]
[Opening "King's Indian: London system"]
[ECO "A48"]
[Time "14:10:53"]
[TimeControl "2700+45"]

1. d4 Nf6 2. Nf3 g6 3. Bf4 Bg7 4. e3 d6 5. Be2 O-O 6. O-O Ne4 7. Nbd2 Bf5 8. h3
Nd7 9. Bd3 Ndf6 10. Ng5 Nxd2 11. Qxd2 Bxd3 12. cxd3 Nd5 13. Bh2 e5 14. e4 Nf4
15. Bxf4 exf4 16. Nf3 Qf6 17. Rfe1 Rad8 18. b4 Rfe8 19. b5 g5 20. Rac1 Rd7 21.
Qa5 b6 22. Qxa7 Rc8 23. Qb7 Qd8 24. Qd5 h6 25. Rc6 Bf6 26. Rec1 h5 27. a4 g4 28.
hxg4 hxg4 29. Nh2 g3 30. fxg3 fxg3 31. Ng4 Kf8 32. Nh6 Bg5 33. Nxf7 Rxf7 34. Rf1
Be3+ {White resigns} 0-1

[Event "Team 45 45 League T50"]
[Site "Internet Chess Club"]
[Date "2011.08.28"]
[Round "3"]
[White "drsigmund1"]
[Black "Just-Jim"]
[Result "1/2-1/2"]
[WhiteElo "1458"]
[BlackElo "1338"]
[Opening "Scotch opening"]
[ECO "C44"]
[Time "13:00:19"]
[TimeControl "2700+45"]

1. e4 e5 2. Nf3 Nc6 3. d4 Bd6 4. d5 Nce7 5. Bg5 c6 6. c4 Qa5+ 7. Qd2 Bb4 8. Nc3
Bxc3 9. bxc3 h6 10. Bh4 d6 11. Be2 Qc7 12. O-O Ng6 13. Bg3 N8e7 14. Nh4 O-O 15.
f4 Nxh4 16. Bxh4 Ng6 17. Bg3 exf4 18. Bxf4 Nxf4 19. Rxf4 Qe7 20. Bg4 Qg5 21.
Bxc8 Raxc8 22. Raf1 cxd5 23. cxd5 Rc4 24. Qd3 Rcc8 25. Rf5 Qd8 26. e5 dxe5 27.
Rxe5 Qa5 28. c4 Qxa2 29. d6 Qxc4 30. Rd1 Qxd3 31. Rxd3 Rcd8 32. Re7 a6 33. Rxb7
f5 34. Ra7 Rf7 35. Rxa6 Rfd7 36. Kf2 Kf7 37. Kf3 Ke6 38. Kf4 Rxd6 39. Raxd6+
Rxd6 40. Rxd6+ Kxd6 41. Kxf5 Kd5 42. g4 Kd6 43. Kg6 Ke5 44. h4 Kf4 45. g5 hxg5
46. hxg5 Kg4 47. Kxg7 Kxg5 {Game drawn because neither player has mating
material} 1/2-1/2

[Event "Team 45 45 League T50"]
[Site "Internet Chess Club"]
[Date "2011.08.27"]
[Round "3"]
[White "IanT"]
[Black "sdcohle"]
[Result "0-1"]
[WhiteElo "1404"]
[BlackElo "1400"]
[Opening "French: exchange variation"]
[ECO "C01"]
[Time "22:00:18"]
[TimeControl "2700+45"]

1. e4 e6 2. d4 d5 3. exd5 exd5 4. c4 c6 5. Nc3 Nf6 6. Be3 Be7 7. Nf3 O-O 8. Bd3
h6 9. O-O Be6 10. Qb3 Qc7 11. Rac1 Rd8 12. Rfd1 Na6 13. a3 dxc4 14. Bxc4 Bxc4
15. Qxc4 Rac8 16. h3 Bd6 17. d5 c5 18. Nb5 Qb8 19. Nxd6 Qxd6 20. Rd2 Rd7 21.
Rcd1 Re8 22. Bf4 Qb6 23. d6 Re4 24. Qc3 Rxf4 25. Qe5 Re4 26. Qf5 Re6 27. Qf4 Ne8
28. Qa4 Rdxd6 29. Rxd6 Nxd6 30. Qd7 Qc7 31. Qa4 Qe7 32. Qc4 Nxc4 {White resigns}
0-1

[Event "Team 45 45 League T50"]
[Site "Internet Chess Club"]
[Date "2011.08.27"]
[Round "3"]
[White "chiiwen"]
[Black "chess9793"]
[Result "1/2-1/2"]
[WhiteElo "2222"]
[BlackElo "2130"]
[Opening "Sicilian defense"]
[ECO "B33"]
[Time "22:16:12"]
[TimeControl "2700+45"]

1. e4 c5 2. Nf3 Nc6 3. d4 cxd4 4. Nxd4 Nf6 5. Nc3 g6 6. Bc4 Bg7 7. Nxc6 bxc6 8.
e5 Ng8 9. Qf3 e6 10. Qe2 Qa5 11. Bf4 d5 12. Bb3 Ba6 13. Qd2 Qc7 14. Qd4 Ne7 15.
O-O-O g5 16. Bg3 Nf5 17. Qa4 Bb7 18. Rhe1 Nxg3 19. hxg3 Bxe5 20. Nxd5 exd5 21.
f4 O-O-O 22. Rxe5 Rhg8 23. Rde1 gxf4 24. Qxf4 Rg6 25. c3 f6 26. Qf5+ Kb8 27. Re8
Bc8 28. Rxd8 Qxd8 29. Qf4+ Qc7 30. Qb4+ Qb6 31. Qd6+ Qc7 32. Qb4+ Qb6 33. Qf4+
Qc7 34. Qb4+ {Game drawn by repetition} 1/2-1/2

[Event "Team 45 45 League T50"]
[Site "Internet Chess Club"]
[Date "2011.08.29"]
[Round "3"]
[White "gaibo4ever"]
[Black "AronT"]
[Result "0-1"]
[WhiteElo "2169"]
[BlackElo "2190"]
[Opening "French: advance, Paulsen attack"]
[ECO "C02"]
[Time "20:14:40"]
[TimeControl "2700+45"]

1. e4 e6 2. d4 d5 3. e5 c5 4. c3 Nc6 5. Nf3 Qb6 6. a3 c4 7. Nbd2 Na5 8. g3 Bd7
9. Bg2 h6 10. O-O O-O-O 11. Rb1 Ne7 12. b4 cxb3 13. Nxb3 Ba4 14. Nfd2 Nxb3 15.
Nxb3 Nc6 16. f4 Na5 17. Nxa5 Bxd1 18. Rxb6 axb6 19. Nxb7 Kxb7 20. Rxd1 Rc8 21.
Bb2 Be7 22. Kf2 Rc7 23. Bf1 Ra8 24. Ra1 g6 25. Bb5 Rac8 26. Rc1 g5 27. Ke2 gxf4
28. gxf4 Rg8 29. Kf3 h5 30. Rc2 Rcc8 31. c4 Rc7 32. Rc3 Rgc8 33. f5 dxc4 34. f6
Bf8 35. Bc1 Ra8 36. Kg3 Ra5 37. Be8 b5 38. Kh4 Kc8 39. d5 exd5 40. e6 fxe6 41.
Rg3 Kb7 42. Rg8 Bxa3 43. Bxa3 Rxa3 44. f7 Rf3 45. f8=Q Rxf8 46. Rxf8 c3 47. Rf1
b4 48. Ba4 Kb6 49. Bc2 Kc5 50. Kxh5 d4 51. Kg6 Kc4 52. h4 b3 53. Be4 d3 54. h5
c2 55. h6 b2 56. h7 Rxh7 57. Kxh7 c1=Q {White resigns} 0-1

[Event "Team 45 45 League T50"]
[Site "Internet Chess Club"]
[Date "2011.08.26"]
[Round "3"]
[White "Babaliyev"]
[Black "wilson97"]
[Result "1/2-1/2"]
[WhiteElo "1881"]
[BlackElo "1910"]
[Opening "King's Indian: orthodox, Aronin-Taimanov, 9.Ne1"]
[ECO "E98"]
[Time "22:02:55"]
[TimeControl "2700+45"]

1. d4 Nf6 2. c4 g6 3. Nc3 Bg7 4. e4 d6 5. Nf3 O-O 6. Be2 Nc6 7. O-O e5 8. d5 Ne7
9. Ne1 Nd7 10. Be3 f5 11. f3 f4 12. Bf2 a5 13. Nd3 g5 14. c5 dxc5 15. Nxc5 Nxc5
16. Bxc5 b6 17. d6 bxc5 18. dxe7 Qxe7 19. Nd5 Qd6 20. Bc4 Kh8 21. Qc2 Ba6 22.
Rfd1 Bxc4 23. Qxc4 Rfd8 24. Rac1 c6 25. Nc3 Qe7 26. Na4 Bf8 27. Rxd8 Rxd8 28. b3
Rd2 29. h3 Qd6 30. Nxc5 Rxa2 31. Ne6 Qd2 32. Qf1 Qe3+ 33. Kh1 Rf2 34. Qg1 Bb4
35. Rxc6 h6 36. Nd8 Qe2 37. Rc1 Bd2 38. Rb1 Be3 39. Nf7+ Kg7 40. Nxe5 Rxf3 41.
Qd1 Qxd1+ 42. Rxd1 Rf2 43. Nc4 Ra2 44. Nxe3 fxe3 45. Re1 e2 46. Kg1 Kf6 47. Kf2
Ke5 48. Rxe2 Rxe2+ 49. Kxe2 Kxe4 50. g4 Kf4 51. Kf2 Ke4 52. Ke2 Kd4 53. Kd2 Kc5
54. Kc3 Kb5 55. Kc2 Kb4 56. Kb2 Kb5 57. Ka3 Ka6 58. Ka4 Kb6 59. b4 axb4 60. Kxb4
Kc6 61. Kc4 Kd6 62. Kd4 Ke6 63. Ke4 Kf6 64. Kd5 Kf7 65. Ke5 Ke7 66. Kd5 Kd7 67.
Ke4 Ke6 68. Kd4 Kd6 69. Ke4 Ke6 70. Kd4 Kd6 {Game drawn by mutual agreement}
1/2-1/2

[Event "Team 45 45 League T50"]
[Site "Internet Chess Club"]
[Date "2011.08.28"]
[Round "3"]
[White "leland"]
[Black "FourKnights"]
[Result "1/2-1/2"]
[WhiteElo "1845"]
[BlackElo "1750"]
[Opening "Sicilian: Scheveningen, English variation"]
[ECO "B90"]
[Time "15:03:24"]
[TimeControl "2700+45"]

1. e4 c5 2. Nf3 d6 3. d4 cxd4 4. Nxd4 Nf6 5. Nc3 a6 6. Be3 e6 7. Qd2 Be7 8. f3
Nc6 9. O-O-O O-O 10. g4 Qc7 11. h4 Nxd4 12. Bxd4 b5 13. Bxf6 Bxf6 14. Qxd6 Qxd6
15. Rxd6 Bxc3 16. bxc3 Bb7 17. Rb6 Rfb8 18. c4 Bc8 19. Rxb8 Rxb8 20. cxb5 axb5
21. Kb2 Kf8 22. Bd3 e5 23. Rb1 Ke7 24. Ka1 Bd7 25. c4 b4 26. a3 Ra8 27. Rb3 bxa3
28. Ka2 Kd6 29. Rxa3 Rxa3+ 30. Kxa3 Kc5 31. Kb3 f6 32. Kc3 Be6 33. g5 h6 34.
gxh6 gxh6 35. Be2 Bf7 36. Kb3 Be6 37. Kc3 Bf7 {Game drawn by mutual agreement}
1/2-1/2

[Event "Team 45 45 League T50"]
[Site "Internet Chess Club"]
[Date "2011.08.28"]
[Round "3"]
[White "Chess-Dream"]
[Black "snottgoblin"]
[Result "1-0"]
[WhiteElo "2024"]
[BlackElo "2020"]
[Opening "Nimzo-Indian: three knights variation"]
[ECO "E21"]
[Time "15:00:32"]
[TimeControl "2700+45"]

1. d4 Nf6 2. c4 e6 3. Nc3 Bb4 4. Nf3 b6 5. e3 Bb7 6. Bd3 O-O 7. O-O c5 8. Na4
cxd4 9. exd4 Be7 10. a3 d6 11. b4 Nbd7 12. Re1 Rc8 13. Bb2 Re8 14. Nc3 Bf8 15.
Rc1 e5 16. d5 g6 17. Rc2 a6 18. a4 b5 19. cxb5 axb5 20. Bxb5 Nxd5 21. Nxd5 Rxc2
22. Qxc2 Bxd5 23. Nd2 f5 24. Bc4 Qa8 25. Qb3 Nb6 26. Bxd5+ Qxd5 27. Qxd5+ Nxd5
28. b5 Rb8 29. Nc4 Nc7 30. b6 Na6 31. a5 Kf7 32. Ba3 Ke6 33. Rc1 Rb7 34. Nd2 Be7
35. Kf1 Rd7 36. Nb3 Bg5 37. Rc8 Rb7 38. Rc6 Be7 39. Rc8 Kd5 40. Ke2 Nb8 41. Rc7
{Black resigns} 1-0

[Event "Team 45 45 League T50"]
[Site "Internet Chess Club"]
[Date "2011.08.30"]
[Round "3"]
[White "jefferyx"]
[Black "Legal"]
[Result "0-1"]
[WhiteElo "2123"]
[BlackElo "2047"]
[Opening "Nimzo-Indian: Kmoch variation"]
[ECO "E24"]
[Time "17:32:59"]
[TimeControl "2700+45"]

1. d4 Nf6 2. c4 e6 3. Nc3 Bb4 4. f3 c5 5. a3 Bxc3+ 6. bxc3 d6 7. e4 Qa5 8. Bd2
e5 9. Bd3 Nbd7 10. Ne2 Qc7 11. O-O O-O 12. f4 cxd4 13. cxd4 exd4 14. Be3 {White
resigns} 0-1

[Event "Team 45 45 League T50"]
[Site "Internet Chess Club"]
[Date "2011.08.27"]
[Round "3"]
[White "cknights"]
[Black "imgr8"]
[Result "1-0"]
[WhiteElo "2223"]
[BlackElo "2120"]
[Opening "Benkö gambit: main line"]
[ECO "A58"]
[Time "14:31:25"]
[TimeControl "2700+45"]

1. d4 Nf6 2. c4 c5 3. d5 b5 4. cxb5 a6 5. bxa6 g6 6. Nc3 Bxa6 7. Nf3 Bg7 8. e4
Bxf1 9. Kxf1 d6 10. g3 O-O 11. Kg2 Nbd7 12. h3 Ra6 13. Qe2 Qa8 14. Rd1 Rb8 15.
Re1 Ne8 16. Qc2 Nc7 17. Ng5 c4 18. Re2 Nc5 19. Be3 Nd3 20. Rb1 e6 21. dxe6 fxe6
22. b3 Ra3 23. Na4 Qc6 24. Nb6 Rxb6 25. Bxb6 Qxb6 26. Qxc4 Ne5 27. Qc1 Ra7 28.
a4 h6 29. Nf3 Nxf3 30. Kxf3 Kh7 31. Rc2 Na6 32. Kg2 Nc5 33. Rc4 Rf7 34. Qc2 Nd7
35. f4 Qe3 36. Rd1 e5 37. f5 gxf5 38. exf5 Rf6 39. b4 d5 40. Rc7 Nb6 41. a5 Nc4
42. Rxd5 Na3 43. Qf2 Qe4+ 44. Qf3 Qxb4 45. Rdd7 Qb2+ 46. Kg1 Qb1+ 47. Kh2 Qa2+
48. Qg2 {Black resigns} 1-0

[Event "Team 45 45 League T50"]
[Site "Internet Chess Club"]
[Date "2011.08.27"]
[Round "3"]
[White "irock"]
[Black "Innes"]
[Result "1-0"]
[WhiteElo "1899"]
[BlackElo "1641"]
[Opening "Bishop's opening"]
[ECO "C23"]
[Time "14:04:26"]
[TimeControl "2700+45"]

1. e4 e5 2. Bc4 b5 3. Bxb5 c6 4. Ba4 Nf6 5. d3 Bc5 6. Nf3 d6 7. O-O Bg4 8. h3
Bh5 9. Nbd2 g5 10. Nb3 g4 11. hxg4 Bxg4 12. Nxc5 dxc5 13. Bg5 Rg8 14. Bh4 Qd6
15. Qe2 Nh5 16. Qe3 Bh3 17. Ne1 Nf4 18. Bg3 Qh6 19. a3 Bxg2 20. Nxg2 Rxg3 21.
fxg3 Nh3+ 22. Kh2 Nf2+ 23. Qxh6 {Black resigns} 1-0

[Event "Team 45 45 League T50"]
[Site "Internet Chess Club"]
[Date "2011.08.27"]
[Round "3"]
[White "katikus"]
[Black "Killian"]
[Result "1-0"]
[WhiteElo "1754"]
[BlackElo "1809"]
[Opening "Sicilian: Alapin's variation (2.c3)"]
[ECO "B22"]
[Time "17:00:25"]
[TimeControl "2700+45"]

1. e4 c5 2. c3 Nf6 3. e5 Nd5 4. d4 cxd4 5. Nf3 e6 6. cxd4 Nc6 7. a3 d6 8. Bd3
dxe5 9. dxe5 Bc5 10. O-O O-O 11. Qc2 Be7 12. Bxh7+ Kh8 13. Bd3 Qc7 14. Re1 Qa5
15. Bd2 Qb6 16. Nc3 Nd4 17. Nxd4 Qxd4 18. Nxd5 Qxd5 19. Re3 f5 20. exf6 Bxf6 21.
Rh3+ Kg8 22. Bh7+ Kf7 23. Qg6+ Ke7 24. Bb4+ {Black resigns} 1-0